 Dungeon Crawl Stone Soup version 0.29-a0-542-g075992c915 (webtiles) character file.

Game seed: 5243082090727897219

2412 Armakuni the Tainter (level 9, 68/68 HPs)
             Began as a Human Venom Mage on May 27, 2022.
             Got out of the dungeon alive.
             The game lasted 00:23:04 (10353 turns).

Armakuni the Tainter (Human Venom Mage)            Turns: 10353, Time: 00:23:05

Health: 68/68      AC:  5    Str: 13    XL:     9   Next: 76%
Magic:  21/21      EV: 13    Int: 15    God:
Gold:   188        SH:  0    Dex: 20    Spells: 2/12 levels left

rFire   . . .      SeeInvis .   a - +2 lajatang
rCold   . . .      Faith    .   (shield currently unavailable)
rNeg    . . .      Spirit   .   c - +0 robe
rPois   .          Reflect  .   n - +1 helmet
rElec   .          Harm     .   v - +0 cloak
rCorr   .          Rampage  .   (no gloves)
Will    .....                   (no boots)
Stlth   ++........              (no amulet)
HPRegen 0.21/turn               D - +6 ring of dexterity
MPRegen 0.17/turn               M - ring of magical power

@: no status effects
A: no striking features
a: no special abilities


You escaped.
You visited 2 branches of the dungeon, and saw 8 of its levels.

You collected 294 gold pieces.
You spent 106 gold pieces at shops.

Inventory:

Hand Weapons
 a - a +2 lajatang (weapon)
 g - a +4 quarterstaff of chaos
Armour
 c - a +0 robe (worn)
 k - a +0 ring mail
 n - a +1 helmet (worn)
 v - a +0 cloak (worn)
Jewellery
 j - an amulet of faith
 u - a ring of protection from fire
 D - a +6 ring of dexterity (left hand)
 M - a ring of magical power (right hand)
Scrolls
 d - a scroll of immolation
 l - 2 scrolls of silence
 m - a scroll of torment
 p - a scroll of vulnerability
 w - a scroll of fear {unknown}
Potions
 b - 2 potions of magic
 e - 2 potions of flight
 f - a potion of haste
 h - 3 potions of curing
 i - a potion of ambrosia
 o - a potion of berserk rage {unknown}
 q - 2 potions of heal wounds
 r - 2 potions of lignification {unknown}
 s - a potion of resistance {unknown}
 t - a potion of cancellation {unknown}


   Skills:
 + Level 5.1 Fighting
 - Level 5.0 Staves
 + Level 0.6 Armour
 + Level 2.2 Dodging
 - Level 2.0 Stealth
 - Level 2.0 Spellcasting
 - Level 2.0 Transmutations
 - Level 2.0 Air Magic
 - Level 10.0 Poison Magic


You had 2 spell levels left.
You knew the following spells:

 Your Spells              Type           Power      Damage    Failure   Level
m - Mephitic Cloud        Conj/Pois/Air  13%        N/A       13%         3
o - Olgreb's Toxic Radia  Pois           31%        N/A       3%          4
v - Poisonous Vapours     Pois/Air       38%        N/A       2%          2
z - Sting                 Tmut/Pois      76%        1d6       1%          1

Your spell library contained the following spells:

 Spells                   Type           Power      Damage    Failure   Level
 Sandblast                Erth           2%         2d4       22%         1
 Passwall                 Tmut/Erth      3%         N/A       22%         2
 Stone Arrow              Conj/Erth      2%         3d7       54%         3


Dungeon Overview and Level Annotations

Branches:
Dungeon (7/15)             Temple (1/1) D:7

Altars:
Ashenzari
Cheibriados
Dithmenos
Elyvilon
Gozag
Hepliaklqana
Kikubaaqudgha
Makhleb
Nemelex Xobeh
Ru
Sif Muna
Trog
Uskayaw
Vehumet
Wu Jian
Xom
The Shining One

Shops:
D:4 *   D:6 *


Message History

The hobgoblin shoots a sling bullet.
The sling bullet hits you!
The hobgoblin shoots a sling bullet.
The sling bullet closely misses you.
The hobgoblin shoots a sling bullet.
The sling bullet hits you but does no damage.
The hobgoblin shoots a sling bullet.
The sling bullet closely misses you.
The hobgoblin unwields a +0 hunting sling.
The hobgoblin closely misses you.
You slash the hobgoblin!
You kill the hobgoblin!
No target in view!
No target in view!
No target in view!
No target in view!
No target in view!
No target in view!
No target in view!
No target in view!
No target in view!
No target in view!
No target in view!
No target in view!
No target in view!
No target in view!
(D) Dungeon (T) Temple
Where to? (Enter - D:1, ? - help)
Things that are here:
a +0 hunting sling; a hobgoblin corpse
There is a stone staircase leading up here.
You climb upwards.
There is a stone staircase leading down here.
Things that are here:
5 stones; a +0 dagger HP restored.
There is a stone staircase leading up here.
You climb upwards.
There is a stone staircase leading down here.
There is a fountain of clear blue water here.
There is a staircase leading out of the dungeon here.
Are you sure you want to leave the Dungeon?
This will make you lose the game!
You have escaped!

#####.###.###.#####.
#.....####...###_^..
##############.###.........######
......##.......###..###.##.##..#
#####.##.................†.....#
#####.##...##♣♣♣.♣♣♣##...#.....#
...........# ♣⌠♣ #....######
#####.##...♣♣♣♣♣.♣♣♣♣♣.....#
#####.##......⌠.@.⌠.......##
......##...♣♣♣♣♣.♣♣♣♣♣....#
#########..# ♣⌠♣ #....# ###
#..##♣♣♣.♣♣♣##....# #..
#########.................# #.#
#.........#.....##..###...# #.#
#.......#.#####.##.####...#####.#
........#.#####.#................
.................................


There were no monsters in sight!

Vanquished Creatures
  A steam dragon (D:3)
  Menkaure (D:7)
  2 water moccasins
  An ice beast (D:6)
  2 black bears (D:7)
  2 ogres
  2 phantoms (D:5)
  A centaur (D:6)
  Blork the orc (D:4)
  5 scorpions
  2 jellies (D:5)
  Crazy Yiuf (D:7)
  3 hounds
  7 orc priests
  Jessica (D:2)
  2 iguanas
  7 orc wizards
  4 gnolls (D:3)
  8 adders
  A white imp (D:6)
  7 worms
  3 dart slugs
  27 orcs
  3 ball pythons
  12 endoplasms
  3 giant cockroaches
  8 goblins
  9 hobgoblins
  3 quokkas
  12 bats
  6 frilled lizards
  6 kobolds
  3 rats
156 creatures vanquished.

Vanquished Creatures (others)
  A quokka (D:3)
1 creature vanquished.

Grand Total: 157 creatures vanquished

Notes
Turn   | Place    | Note
-------+----------+-------------------------------------------
     0 | D:1      | Armakuni the Human Venom Mage began the quest for the Orb.
     0 | D:1      | Reached XP level 1. HP: 13/13 MP: 3/3
    99 | D:1      | Reached skill level 1 in Fighting
   214 | D:1      | Reached XP level 2. HP: 21/21 MP: 3/5
   396 | D:1      | Learned a level 2 spell: Poisonous Vapours
   682 | D:1      | Reached XP level 3. HP: 27/28 MP: 4/6
  1070 | D:1      | Found a faded altar of an unknown god.
  1475 | D:2      | Reached XP level 4. HP: 35/35 MP: 5/7
  1711 | D:2      | Learned a level 4 spell: Olgreb's Toxic Radiance
  2186 | D:2      | Reached skill level 1 in Air Magic
  2262 | D:2      | Noticed Jessica
  2274 | D:2      | Killed Jessica
  2275 | D:2      | Reached XP level 5. HP: 26/41 MP: 3/8
  2889 | D:3      | Noticed a steam dragon
  2910 | D:3      | Killed a steam dragon
  2911 | D:3      | Reached XP level 6. HP: 15/50 MP: 1/9
  3231 | D:3      | Reached skill level 5 in Fighting
  3473 | D:3      | Reached skill level 1 in Staves
  4364 | D:4      | Found Urheazojul's Assorted Antiques.
  4370 | D:4      | Bought a fuming emerald potion for 25 gold pieces
  4370 | D:4      | Bought a fuming orange potion for 25 gold pieces
  4370 | D:4      | Bought a scroll labelled BIWI WESTRAPP for 28 gold pieces
  4370 | D:4      | Bought a scroll labelled XITHRO SEH LESU for 28 gold pieces
  4449 | D:4      | Reached XP level 7. HP: 39/56 MP: 4/10
  5669 | D:5      | Entered Level 5 of the Dungeon
  5694 | D:5      | Noticed Blork the orc
  6161 | D:4      | Killed Blork the orc
  6162 | D:4      | Reached skill level 5 in Staves
  6862 | D:5      | Reached XP level 8. HP: 57/62 MP: 11/11
  6865 | D:5      | Reached skill level 4 in Poison Magic
  7207 | D:5      | Reached skill level 5 in Poison Magic
  7324 | D:5      | Learned a level 3 spell: Mephitic Cloud
  7391 | D:5      | Reached skill level 6 in Poison Magic
  7697 | D:5      | Found a hide-covered altar of Uskayaw.
  7943 | D:6      | Found Ackirure's Lightly-Used Armoury.
  7975 | D:6      | Reached skill level 7 in Poison Magic
  8060 | D:6      | Reached XP level 9. HP: 59/68 MP: 12/12
  8336 | D:6      | Reached skill level 8 in Poison Magic
  9413 | D:7      | Reached skill level 9 in Poison Magic
  9432 | D:7      | Noticed Menkaure
  9438 | D:7      | Killed Menkaure
  9760 | D:7      | Found a runed translucent door.
  9761 | D:7      | Noticed Crazy Yiuf
  9771 | D:7      | Killed Crazy Yiuf
  9772 | D:7      | Reached skill level 10 in Poison Magic
 10052 | D:7      | Found a staircase to the Ecumenical Temple.
 10074 | Temple   | Entered the Ecumenical Temple
 10150 | Temple   | Upgraded the game from 0.29-a0-330-g52719c12eb to
                  | 0.29-a0-542-g075992c915
 10353 | D:$      | Got out of the dungeon alive.

Illustrated notes

Levels and vault maps discovered:
D:1:      scummos_arrival_forest, layout_loops_cross,
          hellmonk_ecumenical_altar_leap_of_faith
D:2:      layout_loops_cross, uniq_jessica
D:3:      layout_basic, minmay_crystal_room, kennysheep_nondescript
D:4:      layout_basic, serial_shops, kennysheep_mini_moat,
          cheibrodos_sewer_entry_bend
D:5:      layout_cave_pools, lemuel_doored_altar, minivault_14, st_stairs_4,
          hangedman_decor_growths, uniq_blork_the_orc
D:6:      layout_loops_cross, minmay_shop_damaged
D:7:      layout_loops_ring, minmay_temple_entry_statues_fountains,
          nrook_campfire, uniq_menkaure, uniq_crazy_yiuf_cottage
Temple:   compressed_dpeg_circular_temple

Skill      XL: |  1  2  3  4  5  6  7  8  9 |
---------------+----------------------------+-----
Fighting       | 1 2 3 4 5 |  5.1
Air Magic      | 1 2 |  2.0
Transmutations | 2 |  2.0
Staves         | 2 5 |  5.0
Poison Magic   | 7 10 | 10.0
Armour         | |  0.6
Dodging        | |  2.2
Stealth        | |  2.0
Spellcasting   | |  2.0

Action                   |  1- 3 |  4- 6 |  7- 9 || total
-------------------------+-------+-------+-------++-------
Melee: Lajatang          |    39 |    95 |   184 ||   318
       Spear             |     9 |       |       ||     9
 Cast: Sting             |    36 |    58 |     7 ||   101
       Poisonous Vapours |     1 |     5 |    75 ||    81
       Olgreb's Toxic Ra |       |       |     4 ||     4
       Mephitic Cloud    |       |       |     2 ||     2
  Use: Scroll            |     4 |     8 |     7 ||    19
       Potion            |       |     2 |     5 ||     7
 Stab: Sleeping          |       |     1 |     4 ||     5
       Confused          |       |       |     1 ||     1
Armor: Robe              |    15 |    25 |    43 ||    83
Dodge: Dodged            |    38 |    88 |   110 ||   236

Table legend: (Time is in decaauts)
 A = Elapsed time spent in this place.
 B = Non-inter-level travel time spent in this place.
 C = Inter-level travel time spent in this place.
 D = Time resting spent in this place.
 E = Time spent auto-exploring this place.
 F = Levels seen in this place.
 G = Mean time per level.
                   A        B        C        D        E       F      G
               +--------+--------+--------+--------+--------+-----+--------+
         Total |  10436 |  10046 |    390 |   4532 |   3839 |   8 | 1304.5 |
       Dungeon |  10303 |   9927 |    376 |   4532 |   3778 |   7 | 1471.9 |
        Temple |    132 |    118 |     14 |      0 |     61 |   1 |  132.0 |
               +--------+--------+--------+--------+--------+-----+--------+

Top non-repeatable levels by time:
     D:4: 2509 daAuts
     D:3: 1805 daAuts
     D:6: 1377 daAuts
     D:2: 1295 daAuts
     D:5: 1270 daAuts
     D:1: 1257 daAuts
     D:7: 789 daAuts
  Temple: 132 daAuts
